 Dungeon Crawl Stone Soup version 0.23.2-40-g277498a001 (webtiles) character file.

Game seed: 15898713591167189755

78142 Exodus22XD the Devastator (level 15, -5/72 HPs)
             Began as a Deep Elf Wizard on Aug 30, 2019.
             Was the Champion of Sif Muna.
             Slain by a harpy (15 damage)
             ... on level 4 of the Shoals on Aug 31, 2019.
             The game lasted 03:24:56 (22263 turns).

Exodus22XD the Devastator (Deep Elf Wizard)        Turns: 22263, Time: 03:24:56

Health: -5/72      AC: 12    Str:  4    XL:     15   Next: 17%
Magic:  38/61      EV: 13    Int: 30    God:    Sif Muna [******]
Gold:   1748       SH:  0    Dex: 15    Spells: 2/46 levels left

rFire    + . .     SeeInvis .   L - staff of power
rCold    . . .     Gourm    +   (no shield)
rNeg     . . .     Faith    .   x - +2 robe {rF+}
rPois    .         Spirit   .   b - +2 hat
rElec    .         Reflect  .   i - +2 cloak
rCorr    .         Harm     .   (no gloves)
MR       +....                  C - +2 pair of boots
Stlth    ++........             M - amulet of the gourmand
HPRegen  0.22/turn              l - ring of magical power
MPRegen  0.37/turn              t - +2 ring of dexterity

@: studying Charms, deflect missiles
A: no striking features
a: Divine Energy, Channel Magic, Forget Spell, Renounce Religion


You were on level 4 of the Shoals.
You worshipped Sif Muna.
Sif Muna was exalted by your worship.
You were full.

You visited 4 branches of the dungeon, and saw 20 of its levels.
You also visited: Ossuary and Ice Cave.

You collected 1748 gold pieces.

Inventory:

Armour
 b - a +2 hat (worn)
 i - a +2 cloak (worn)
 x - a +2 robe of fire resistance (worn)
 C - a +2 pair of boots (worn)
 G - the +3 leather armour of Paetopek {rElec Dex+2}
   (You found it on level 7 of the Dungeon)

   It affects your dexterity (+2).
   It insulates you from electricity.
Magical Staves
 L - an uncursed staff of power (weapon)
Jewellery
 g - an uncursed ring of ice
 l - a ring of magical power (left hand)
 t - a +2 ring of dexterity (right hand)
 u - a +3 amulet of reflection {unknown}
 M - an amulet of the gourmand (around neck)
 V - a +2 ring of intelligence
 W - an uncursed ring of positive energy
Wands
 o - a wand of flame (69)
 w - a wand of random effects (31)
 D - a wand of clouds (5)
 F - a wand of acid (18)
 J - a wand of scattershot (3)
 K - a wand of digging (6)
 N - a wand of iceblast (10)
Scrolls
 a - a scroll of summoning
 c - 3 scrolls of magic mapping
 e - 6 scrolls of enchant weapon
 j - 7 scrolls of remove curse
 m - 4 scrolls of amnesia
 q - a scroll of brand weapon
 E - 3 scrolls of identify
 I - a scroll of silence {unknown}
 Q - a scroll of fog
 R - a scroll of blinking
 T - 3 scrolls of teleportation
 U - a scroll of enchant armour
Potions
 f - a potion of invisibility
 h - 4 potions of haste
 k - 5 potions of curing
 n - a potion of magic
 p - 4 potions of might
 r - 6 potions of flight
 s - 2 potions of cancellation {unknown}
 v - 5 potions of brilliance {unknown}
 A - 2 potions of agility {unknown}
 B - 9 potions of lignification
 H - 2 potions of mutation {unknown}
 O - a potion of resistance {unknown}
 P - a potion of berserk rage {unknown}
 Y - a potion of degeneration {unknown}
Books
 y - a manual of Charms
Comestibles
 d - 43 rations


   Skills:
 - Level 2.4 Dodging
 - Level 2.4 Stealth
 - Level 16.0 Spellcasting
 * Level 17.7 Conjurations
 - Level 13.8 Charms
 - Level 10.3 Summonings
 - Level 1.1 Translocations
 - Level 10.4 Fire Magic
 - Level 1.5 Air Magic
   Level 5.9 Poison Magic
 - Level 6.6 Invocations


You had 2 spell levels left.
You knew the following spells:

 Your Spells              Type           Power        Failure   Level  Hunger
a - Magic Dart            Conj           ####         0%          1    None
b - Spellforged Servitor  Conj/Summ      #######...   4%          7    #####..
c - Blink                 Tloc           N/A          1%          2    None
d - Ring of Flames        Chrm/Fire      #######...   11%         7    #####..
e - Deflect Missiles      Chrm/Air       ######....   12%         6    ###....
f - Bolt of Fire          Conj/Fire      #######...   1%          6    ###....
g - Ozocubu's Armour      Chrm/Ice       ######..     1%          3    None
h - Iskenderun's Battles  Conj/Chrm      #######.     1%          5    None
i - Orb of Destruction    Conj           #######...   1%          7    #####..

Your spell library contained the following spells:

 Spells                   Type           Power        Failure   Level  Hunger
 Flame Tongue             Conj/Fire      #####        0%          1    None
 Sting                    Conj/Pois      ####         0%          1    None
 Song of Slaying          Chrm           #######.     0%          2    None
 Throw Flame              Conj/Fire      ######       0%          2    None
 Beastly Appendage        Tmut           ###...       1%          1    None
 Corona                   Hex            ###....      1%          1    None
 Freeze                   Ice            ###.         1%          1    None
 Shock                    Conj/Air       ####         1%          1    None
 Call Imp                 Summ           ######..     1%          2    None
 Throw Frost              Conj/Ice       ######       1%          2    None
 Ensorcelled Hibernation  Hex/Ice        ###...       2%          2    None
 Slow                     Hex            ###.....     2%          2    None
 Iskenderun's Mystic Bla  Conj           #######.     0%          4    None
 Conjure Flame            Conj/Fire      #######.     1%          3    None
 Dazzling Spray           Conj/Hex       ######       1%          3    None
 Ignite Poison            Fire/Tmut/Pois ######..     1%          3    None
 Mephitic Cloud           Conj/Pois/Air  ######..     1%          3    None
 Spider Form              Tmut/Pois      #####.....   1%          3    None
 Static Discharge         Conj/Air       ######..     1%          3    None
 Fulminant Prism          Conj/Hex       ######....   1%          4    None
 Olgreb's Toxic Radiance  Pois           ######..     1%          4    None
 Sticky Flame             Conj/Fire      #######.     1%          4    None
 Summon Lightning Spire   Summ/Air       ######..     1%          4    None
 Throw Icicle             Conj/Ice       ######..     1%          4    None
 Bolt of Draining         Conj/Necr      ######....   1%          5    None
 Bolt of Magma            Conj/Fire/Erth ######....   1%          5    None
 Fireball                 Conj/Fire      #######...   1%          5    None
 Irradiate                Conj/Tmut      ######....   1%          5    None
 Venom Bolt               Conj/Pois      #######...   1%          5    None
 Summon Ice Beast         Ice/Summ       ######..     2%          4    None
 Poison Arrow             Conj/Pois      #######...   2%          6    ###....
 Shadow Creatures         Summ           N/A          4%          6    ###....
 Confuse                  Hex            ###.....     5%          3    None
 Tukima's Dance           Hex            ###.....     5%          3    None
 Conjure Ball Lightning   Conj/Air       ######....   5%          6    ###....
 Iron Shot                Conj/Erth      ######....   8%          6    ###....
 Alistair's Intoxication  Tmut/Pois      #####...     16%         5    None
 Cause Fear               Hex            ###.......   19%         4    None
 Freezing Cloud           Conj/Ice/Air   ######....   21%         6    ###....
 Silence                  Hex/Air        ####......   36%         5    None
 Borgnjor's Vile Clutch   Necr/Erth      ###.......   45%         5    None
 Metabolic Englaciation   Hex/Ice        ###.......   45%         5    None
 Yara's Violent Unravell  Hex/Tmut       ###.......   45%         5    None
 Ignition                 Fire           ######....   86%         8    ######.
 Chain Lightning          Conj/Air       ######....   94%         8    ######.
 Darkness                 Hex            ###.......   96%         6    ###....
 Fire Storm               Conj/Fire      #######...   99%         9    #######
 Dragon Form              Tmut           ###.......   100%        7    #####..
 Dragon's Call            Summ           ######....   100%        9    #######
 Tornado                  Air            ####......   100%        9    #######


Dungeon Overview and Level Annotations

Branches:
Dungeon (9/15)             Temple (1/1) D:4            Lair (6/6) D:9
 Shoals (4/4) Lair:3       Spider (0/4) Lair:4        Slime (0/5) Lair:5
    Orc: D:9-12

Altars:
Cheibriados
Dithmenos
Elyvilon
Gozag
Makhleb
Nemelex Xobeh
Sif Muna
Vehumet
Xom
Yredelemnul
Zin
The Shining One
Jiyva

Shops:
Shoals:2 %

Annotations:
D:3 3 runed translucent doors, destino's ghost, amateur BaIE
D:7 exclusions: ugly thing and 1 more exclusion
Shoals:4 Mara; Nikola


Message History

Nikola the Mad Inventor comes into view.
He is wielding a +4 rapier of electrocution.
Mara blinks!
Your spellforged servitor launches a ball of destructive magic.
The wavering orb of destruction weakly hits you!!!
Ouch! That really hurt!
* * * LOW HITPOINT WARNING * * *
As you read the scroll of fog, it crumbles to dust.
The scroll dissolves into smoke.
Your spellforged servitor hums quietly as it recharges.
The harpy claws your battlesphere! x2
The harpy barely misses you. The harpy claws you.
* * * LOW HITPOINT WARNING * * *
Your spellforged servitor points at the harpy and mumbles some strange words.
The magic dart hits the harpy!
The harpy dies!
Sif Muna accepts your kill.
The harpy screeches!
Your spellforged servitor hums quietly as it recharges.
The harpy claws you!
You die...

..≈≈≈≈≈≈≈≈≈≈≈≈≈≈≈≈≈≈
≈≈≈≈≈≈≈≈≈≈≈≈≈≈≈≈≈≈≈≈≈
≈≈≈≈≈≈≈≈≈≈≈≈≈≈≈≈≈≈≈≈...
≈≈≈≈≈≈≈≈≈≈≈≈≈≈≈≈≈≈§§...
≈≈≈≈≈≈≈≈≈≈≈≈≈≈≈≈≈≈≈≈...
≈≈≈≈≈≈≈≈≈≈≈≈≈≈≈≈≈≈≈§≈..
≈≈≈≈≈≈≈≈≈≈<≈≈...§≈≈≈§≈.
≈≈≈≈≈≈≈≈≈≈≈≈≈..§†≈†§≈≈≈
≈≈≈.≈≈≈≈≈≈.≈≈@##Y§≈≈≈≈≈
≈≈.≈≈≈≈≈≈≈≈≈≈H*§§§≈≈≈≈.
≈.≈≈≈≈≈≈≈≈≈≈≈.§8§§≈≈≈≈.
≈≈≈≈≈≈≈≈≈≈≈≈§§≈§§≈≈≈≈Y
≈≈≈≈≈≈≈≈≈≈≈≈≈≈≈≈≈≈≈≈@
≈≈≈≈≈≈≈≈≈≈≈≈≈≈≈≈≈≈§.
≈≈≈≈≈≈≈≈≈≈≈≈≈≈≈≈.R.
≈≈≈≈≈≈≈≈≈≈.≈......
≈≈≈≈≈≈≈≈.........


You could see a harpy, a friendly spellforged servitor and a friendly
battlesphere.

Vanquished Creatures
  Rupert (Lair:5)
  4 merfolk impalers
  A merfolk javelineer (Shoals:3)
  The ghost of Exodus22XD the Thaumaturge, a journeyman DEWz of Sif Muna (Lair:6)
  2 catoblepae
  7 hydras
  2 alligator snapping turtles (Shoals:1)
  A merfolk aquamancer (Shoals:3)
  Urug (Lair:2)
  3 sea snakes
  Pikel (D:3)
  7 harpies
  2 oklob plants
  3 fauns
  8 manticores
  3 ugly things
  Joseph (D:8)
  A water nymph (Shoals:2)
  7 black mambas
  An elephant (Lair:6)
  3 merfolk sirens
  2 ice statues (IceCv)
  12 spiny frogs
  2 rime drakes
  10 komodo dragons
  3 polar bears (Lair:6)
  15 merfolk
  A troll (D:9)
  3 jumping spiders (Lair:4)
  2 wind drakes (Shoals:2)
  4 hornets (Lair:6)
  7 blink frogs
  2 snapping turtles (Shoals:1)
  4 hippogriffs
  Sigmund (D:4)
  17 spriggans
  3 wyverns (Lair:5)
  2 redbacks (Lair:4)
  3 water elementals
  51 yaks
  A basilisk (Shoals:2)
  4 hungry ghosts
  Duvessa (D:5)
  12 water moccasins
  9 porcupines
  2 orc warriors (D:8)
  18 ice beasts
  2 phantoms (D:8)
  4 black bears
  4 sky beasts
  22 wolves
  4 centaurs
  3 boggarts (Lair:6)
  4 ogres
  15 crocodiles
  A gnoll sergeant (D:8)
  21 bullfrogs
  Dowan (D:5)
  A water moccasin zombie (D:5)
  A wyvern skeleton (D:7)
  A scorpion (D:4)
  A water moccasin skeleton (D:5)
  4 wights (D:9)
  2 howler monkeys (D:9)
  An electric eel (D:8)
  5 crimson imps
  A quasit (D:7)
  3 hounds
  4 orc wizards
  An orc priest (D:9)
  2 jellies (D:9)
  2 centaur skeletons
  Ijyb (D:4)
  2 iguanas
  9 worker ants
  2 hell rats (Lair:6)
  2 hound zombies
  3 mummies (Ossuary)
  A worker ant zombie (D:7)
  Robin (D:4)
  A howler monkey zombie (D:8)
  2 howler monkey skeletons
  4 gnolls (D:8)
  14 adders
  3 shadow imps
  3 oozes
  An adder skeleton (D:9)
  A worm (D:3)
  2 dart slugs
  5 leopard geckos
  21 orcs
  A giant cockroach (D:3)
  2 gnoll zombies (Ossuary)
  8 goblins
  11 hobgoblins
  15 jackals
  4 kobolds
  8 quokkas
  6 bats
  2 frilled lizards
  3 hobgoblin zombies (Ossuary)
  A kobold zombie (Ossuary)
  A leopard gecko zombie (D:5)
  2 orc zombies (Ossuary)
  3 rats
  A withered plant (Shoals:2)
507 creatures vanquished.

Vanquished Creatures (collateral kills)
  Louise (Shoals:1)
  A merfolk impaler (Shoals:1)
  2 merfolk avatars
  A sea snake (Shoals:2)
  3 fauns
  5 harpies
  2 elephants (Lair:6)
  A merfolk siren (Shoals:3)
  A komodo dragon (Lair:6)
  A polar bear (Lair:6)
  5 merfolk
  A wind drake (Shoals:1)
  5 hornets (Lair:6)
  2 snapping turtles
  7 yaks (Lair:6)
  2 basilisks (Shoals:2)
  A black bear (Lair:6)
  A boggart (Lair:6)
  6 wolves (Lair:6)
  A crocodile (Lair:6)
  3 hell rats (Lair:6)
  5 mummies (Ossuary)
  An orc (D:7)
58 creatures vanquished.

Vanquished Creatures (others)
  2 slaves (D:4)
  A wolf (Lair:6)
  Blork the orc (D:4)
  3 worker ants (D:4)
  An orc (D:4)
  5 fungi
  13 plants
26 creatures vanquished.

Grand Total: 591 creatures vanquished

Notes
Turn   | Place    | Note
-------+----------+-------------------------------------------
     0 | D:1      | Exodus22XD the Deep Elf Wizard began the quest for the Orb.
     0 | D:1      | Reached XP level 1. HP: 10/10 MP: 7/7
   252 | D:1      | Reached skill level 2 in Conjurations
   638 | D:1      | Reached XP level 2. HP: 15/15 MP: 1/9
   706 | D:1      | Learned a level 2 spell: Call Imp
   709 | D:1      | Learned a level 2 spell: Blink
  1122 | D:2      | Reached skill level 3 in Conjurations
  1204 | D:2      | Found a glowing golden altar of the Shining One.
  1322 | D:2      | Reached XP level 3. HP: 19/19 MP: 6/10
  1487 | D:2      | Reached skill level 4 in Conjurations
  1747 | D:3      | Learned a level 3 spell: Conjure Flame
  1765 | D:3      | Reached XP level 4. HP: 17/24 MP: 11/12
  1876 | D:3      | Found a runed translucent gate.
  1877 | D:3      | Found a runed translucent gate.
  1878 | D:3      | Found a runed translucent gate.
  1879 | D:3      | Noticed destino's ghost (amateur BaIE)
  2010 | D:3      | Reached skill level 1 in Fire Magic
  2184 | D:3      | Found a deep blue altar of Sif Muna.
  2191 | D:3      | Became a worshipper of Sif Muna the Loreminder
  2451 | D:4      | Reached XP level 5. HP: 22/28 MP: 13/13
  2456 | D:4      | Learned a level 3 spell: Mephitic Cloud
  2471 | D:4      | Noticed Sigmund
  2479 | D:4      | Killed Sigmund
  2479 | D:4      | Reached XP level 6. HP: 25/32 MP: 4/14
  2588 | D:4      | Reached skill level 1 in Air Magic
  2675 | D:4      | Reached skill level 1 in Poison Magic
  2836 | D:4      | Noticed Ijyb
  2842 | D:4      | Noticed Pikel
  2845 | D:4      | Killed Ijyb
  2845 | D:4      | Noticed a slave
  2947 | D:4      | Reached * piety under Sif Muna
  2961 | D:4      | Noticed a slave
  2980 | D:4      | Found a staircase to the Ecumenical Temple.
  2985 | D:4      | Noticed Robin
  2989 | Temple   | Entered the Ecumenical Temple
  3138 | D:3      | Killed Pikel
  3138 | D:3      | Reached skill level 5 in Poison Magic
  3138 | D:3      | Reached XP level 7. HP: 5/36 MP: 2/15
  3244 | D:4      | Killed Robin
  3332 | D:4      | Killed Blork the orc
  3378 | D:4      | Reached skill level 5 in Conjurations
  3440 | D:4      | Found a radiant altar of Vehumet.
  3486 | D:4      | Reached XP level 8. HP: 41/41 MP: 10/16
  3548 | D:4      | Found a snail-covered altar of Cheibriados.
  3619 | D:5      | Entered Level 5 of the Dungeon
  3718 | D:5      | Noticed Duvessa
  3725 | D:5      | Noticed Dowan
  3728 | D:5      | Killed Duvessa
  3728 | D:5      | Reached ** piety under Sif Muna
  3728 | D:5      | Reached skill level 6 in Conjurations
  3731 | D:5      | Killed Dowan
  3880 | D:5      | Reached skill level 7 in Conjurations
  3924 | D:5      | Found a sand-covered staircase.
  3931 | Ossuary  | Entered an ossuary
  4151 | Ossuary  | Reached skill level 8 in Conjurations
  4686 | D:5      | Reached skill level 9 in Conjurations
  4949 | D:5      | Reached *** piety under Sif Muna
  5195 | D:6      | Reached XP level 9. HP: 37/45 MP: 17/17
  5333 | D:6      | Reached skill level 5 in Spellcasting
  6056 | D:7      | Found a shimmering altar of Xom.
  6192 | D:7      | Noticed a white ugly thing
  6209 | D:7      | Killed a white ugly thing
  6209 | D:7      | Reached **** piety under Sif Muna
  6445 | D:7      | Reached skill level 10 in Spellcasting
  6799 | D:7      | Reached skill level 10 in Conjurations
  6910 | D:7      | Got a bloodstained leather armour
  6921 | D:7      | Identified the +3 leather armour of Paetopek {rElec Dex+2}
                  | (You found it on level 7 of the Dungeon)
  7254 | D:8      | Reached skill level 1 in Invocations
  7291 | D:8      | Noticed a manticore
  7300 | D:7      | Reached XP level 10. HP: 37/50 MP: 6/26
  7523 | D:8      | Reached skill level 5 in Fire Magic
  7535 | D:8      | Noticed Joseph
  7566 | D:8      | Killed Joseph
  7829 | D:8      | Killed a manticore
  8006 | D:8      | Reached ***** piety under Sif Muna
  8006 | D:8      | Received a gift from Sif Muna
  8017 | D:8      | Learned a level 6 spell: Bolt of Fire
  8290 | D:8      | Found a shadowy altar of Dithmenos.
  8415 | D:8      | Found an opulent altar of Gozag.
  8922 | D:9      | Found a white marble altar of Elyvilon.
  9422 | D:9      | Found a staircase to the Lair.
  9631 | Lair:1   | Entered Level 1 of the Lair of Beasts
  9644 | Lair:1   | Noticed a black mamba
  9651 | Lair:1   | Killed a black mamba
  9666 | Lair:1   | Reached skill level 5 in Invocations
  9755 | Lair:1   | Reached XP level 11. HP: 54/54 MP: 27/27
 10185 | Lair:1   | Reached skill level 10 in Fire Magic
 10824 | Lair:2   | Noticed Urug
 10843 | Lair:2   | Killed Urug
 10843 | Lair:2   | Reached skill level 11 in Conjurations
 10895 | Lair:2   | Noticed an eight-headed hydra
 10909 | Lair:2   | Killed an eight-headed hydra
 11012 | Lair:2   | Found a frozen archway.
 11021 | Lair:2   | Reached skill level 12 in Conjurations
 11027 | IceCv    | Entered an ice cave
 11027 | IceCv    | Noticed a white ugly thing
 11033 | IceCv    | Identified Sif Muna's Reference Book on Combat Magic (Sif
                  | Muna gifted it to you in an ice cave)
 11033 | IceCv    | Received a gift from Sif Muna
 11040 | IceCv    | Killed a white ugly thing
 11046 | IceCv    | Found a transporter.
 11193 | IceCv    | Noticed a white ugly thing
 11201 | IceCv    | Killed a white ugly thing
 11201 | IceCv    | Reached skill level 13 in Conjurations
 11202 | IceCv    | Found a transporter.
 11332 | IceCv    | Learned a level 3 spell: Ozocubu's Armour
 11361 | Lair:2   | Noticed a catoblepas
 11369 | Lair:2   | Reached skill level 1 in Charms
 11383 | Lair:2   | Killed a catoblepas
 11383 | Lair:2   | Reached skill level 5 in Charms
 11540 | Lair:2   | Got a shimmering leather armour
 11551 | Lair:2   | Identified the cursed +0 leather armour of the Special Eyes
                  | {rElec rF+} (You found it on level 2 of the Lair of Beasts)
 11576 | Lair:2   | Learned a level 5 spell: Iskenderun's Battlesphere
 11632 | Lair:2   | Reached XP level 12. HP: 59/59 MP: 28/28
 11755 | Lair:2   | Found the +8 whip "Snakebite" {curare, rPois}
 11828 | Lair:2   | Reached skill level 10 in Charms
 12219 | Lair:2   | Noticed an eight-headed hydra
 12224 | Lair:2   | Killed an eight-headed hydra
 12224 | Lair:2   | Identified Sif Muna's Almanac of Combat Magic and
                  | Enhancements (Sif Muna gifted it to you on level 2 of the
                  | Lair of Beasts)
 12224 | Lair:2   | Received a gift from Sif Muna
 12299 | Lair:2   | Noticed a six-headed hydra
 12307 | Lair:2   | Killed a six-headed hydra
 12308 | Lair:2   | Reached skill level 5 in Summonings
 12831 | Lair:3   | Found a staircase to the Shoals.
 13143 | Lair:3   | Noticed a six-headed hydra
 13150 | Lair:3   | Killed a six-headed hydra
 13833 | Lair:4   | Found a hole to the Spider Nest.
 13867 | Lair:4   | Reached XP level 13. HP: 61/63 MP: 29/29
 13893 | Lair:4   | Reached skill level 10 in Summonings
 13969 | Lair:4   | Found a shimmering altar of Xom.
 14957 | Lair:5   | Noticed Rupert
 14960 | Lair:5   | Killed Rupert
 14960 | Lair:5   | Received a gift from Sif Muna
 15453 | Lair:5   | Found a viscous altar of Jiyva.
 15453 | Lair:5   | Found a staircase to the Slime Pits.
 16137 | Lair:5   | Learned a level 7 spell: Spellforged Servitor
 16145 | Lair:5   | Learned a level 6 spell: Deflect Missiles
 16154 | Lair:6   | Entered Level 6 of the Lair of Beasts
 16344 | Lair:6   | Identified Sif Muna's Catalogue of Toxins and Shape
                  | Shifting (Sif Muna gifted it to you on level 6 of the Lair
                  | of Beasts)
 16344 | Lair:6   | Received a gift from Sif Muna
 16435 | Lair:6   | Learned a level 7 spell: Orb of Destruction
 16456 | Lair:6   | Reached skill level 15 in Spellcasting
 16747 | Lair:6   | Reached XP level 14. HP: 68/68 MP: 1/35
 16949 | Lair:6   | Found a runed translucent door.
 16952 | Lair:6   | Noticed Exodus22XD's ghost (journeyman DEWz)
 16952 | Lair:6   | Identified the +2 trident "Sarcophage" {antimagic, MR++
                  | Stlth-}
 16992 | Lair:6   | Reached skill level 14 in Conjurations
 18024 | Lair:6   | Killed Exodus22XD's ghost
 18261 | Shoals:1 | Entered Level 1 of the Shoals
 18267 | Shoals:1 | Identified Sif Muna's Papyrus of Ice and Conjuration (Sif
                  | Muna gifted it to you on level 1 of the Shoals)
 18267 | Shoals:1 | Received a gift from Sif Muna
 18546 | Shoals:1 | Learned a level 7 spell: Ring of Flames
 18814 | Shoals:1 | Noticed Louise
 18825 | Shoals:1 | Killed Louise
 18825 | Shoals:1 | Reached skill level 15 in Conjurations
 18979 | Shoals:1 | Reached ****** piety under Sif Muna
 19881 | Shoals:2 | Reached skill level 16 in Conjurations
 20128 | Shoals:2 | Found Unluowew's Food Boutique.
 20323 | Shoals:3 | Identified Hoehuc's Catalogue of Conjuration (Sif Muna
                  | gifted it to you on level 3 of the Shoals)
 20323 | Shoals:3 | Received a gift from Sif Muna
 21000 | Shoals:3 | Reached skill level 17 in Conjurations
 21411 | Shoals:3 | Reached XP level 15. HP: 72/72 MP: 37/37
 22085 | Shoals:4 | Entered Level 4 of the Shoals
 22258 | Shoals:4 | Noticed Mara
 22260 | Shoals:4 | Noticed Nikola
 22263 | Shoals:4 | Slain by a harpy

Skill      XL: |  1  2  3  4  5  6  7  8  9 10 11 12 13 14 |
---------------+-------------------------------------------+-----
Conjurations   | 2 3 4 5 9 10 13 17 | 17.7
Fire Magic     | 2 4 9 10 | 10.4
Air Magic      | 1 |  1.5
Summonings     | 3 9 10 | 10.3
Poison Magic   | 5 |  5.9
Spellcasting   | 10 15 16 | 16.0
Invocations    | 2 5 6 |  6.6
Charms         | 7 13 | 13.8
Dodging        | |  2.4
Stealth        | |  2.4
Translocations | |  1.1

Action                   |  1- 3 |  4- 6 |  7- 9 | 10-12 | 13-15 || total
-------------------------+-------+-------+-------+-------+-------++-------
Melee: Unarmed           |     1 |       |       |       |       ||     1
       Dagger            |       |       |    10 |       |       ||    10
       Staff             |       |       |       |     1 |     1 ||     2
 Cast: Magic Dart        |    80 |    89 |   389 |   384 |   405 ||  1347
       Conjure Flame     |       |     9 |    18 |    17 |       ||    44
       Mephitic Cloud    |       |     5 |    13 |     9 |       ||    27
       Blink             |       |     9 |     8 |     1 |     2 ||    20
       Call Imp          |       |     6 |    12 |       |       ||    18
       Bolt of Fire      |       |       |       |   108 |    85 ||   193
       Iskenderun's Batt |       |       |       |    22 |    93 ||   115
       Ozocubu's Armour  |       |       |       |     5 |     3 ||     8
       Spellforged Servi |       |       |       |       |    24 ||    24
       Deflect Missiles  |       |       |       |       |     4 ||     4
       Ring of Flames    |       |       |       |       |     1 ||     1
Invok: Channel Magic     |       |       |       |     1 |       ||     1
Evoke: Wand              |       |       |       |     2 |       ||     2
  Use: Scroll            |       |       |     9 |     7 |    18 ||    34
       Potion            |       |       |       |     3 |     7 ||    10
  Eat: Chunk             |     2 |     4 |    11 |    57 |    46 ||   120
       Ration            |       |       |     1 |     3 |       ||     4
Armor: Robe              |     3 |     4 |    25 |    40 |    28 ||   100
Dodge: Dodged            |    10 |    24 |    71 |    87 |    79 ||   271
       Deflected         |       |       |       |       |    39 ||    39
